AoeStats
← AARTUROVEGAG

Arena

507603124Analyzed
2v2 RM · 14d ago on Sep 19, 2026· 51m 6s· 4 players
Game mode
Random Map
Map size
Medium (4 player)
Population
200
Speed
Normal
Resources
Standard
Victory
Conquest
Starting age
Dark Age
Ending age
Imperial Age
RankedLock teamsTeams togetherTeam positionsShared explorationLock speedFull tech treeHidden civsTurbo modeCheats
Victory
Defeat
🇩🇪 Franks · Germany
934
+14
🇨🇱 Gurjaras · Chile
879
+35
🇦🇷 Persians · Argentina
881
-15
🇺🇸 Khmer · United States
878
-15
BABAN
0:27 Loom
13:19 Feudal Age
15:28 Wheelbarrow
15:20 Gold Mining
16:09 Stone Mining
16:30 Double-Bit Axe
19:02 Castle Age
18:56 Town Watch
22:53 Gold Shaft Mining
28:07 Imperial Age
27:40 Bow Saw
27:47 Fletching
29:49 Murder Holes
30:04 Squires
30:12 Scale Barding Armor
30:17 Forging
31:37 Hand Cart
31:31 Cavalier
33:18 Husbandry
33:59 Ballistics
33:56 Onager
37:05 Pikeman
37:35 Paladin
38:38 Chain Barding Armor
41:12 Plate Barding Armor
40:40 Caravan
41:02 Town Patrol
44:05 Chemistry
42:50 Arrowslits
44:04 Chivalry
43:27 Light Cavalry
44:21 Fortified Wall
44:18 Siege Engineers
44:26 Masonry
46:29 Iron Casting
45:51 Bodkin Arrow
45:56 Padded Archer Armor
45:56 Scale Mail Armor
46:51 Hoardings
46:07 Heavy Scorpion
46:55 Guard Tower
48:12 Elite Throwing Axeman
49:14 #83
48:38 Capped Ram
50:03 Architecture
Kabewski
5:43 Loom
9:49 Feudal Age
20:16 Castle Age
18:40 Double-Bit Axe
21:35 Bow Saw
21:11 Horse Collar
22:56 Fletching
23:52 Elite Skirmisher
26:18 Padded Archer Armor
26:30 Forging
28:40 Wheelbarrow
27:52 Town Watch
30:23 Bodkin Arrow
35:35 Hand Cart
35:12 Gold Mining
35:15 Stone Mining
35:42 Leather Archer Armor
37:11 Gold Shaft Mining
37:44 Sanctity
37:26 Atonement
37:39 Fervor
39:13 Redemption
43:47 Imperial Age
41:34 Husbandry
41:46 Bloodlines
42:17 Iron Casting
41:48 Scale Barding Armor
41:50 Town Patrol
42:48 Kshatriyas
43:53 Heavy Camel Rider
44:59 Chain Barding Armor
45:15 Frontier Guards
46:02 Heavy Plow
46:00 Elite Chakram Thrower
47:47 Plate Barding Armor
AARTUROVEGAG
4:24 Loom
9:20 Feudal Age
9:54 Double-Bit Axe
14:22 Wheelbarrow
15:06 Horse Collar
19:11 Castle Age
18:12 Gold Mining
18:15 Stone Mining
21:47 Bow Saw
23:21 Heavy Plow
27:01 Gold Shaft Mining
27:38 Stone Shaft Mining
26:36 Pikeman
27:37 Fletching
28:00 Forging
28:20 Arson
33:30 Husbandry
33:40 Bloodlines
34:39 Scale Mail Armor
37:46 Hand Cart
40:09 Imperial Age
38:14 Bloodlines
40:13 Hand Cart
41:16 Iron Casting
40:56 Chain Mail Armor
40:42 Padded Archer Armor
41:10 Cavalier
41:50 Town Watch
42:07 Town Watch
42:44 Bodkin Arrow
43:58 Blast Furnace
44:08 Town Patrol
44:21 Halberdier
45:27 Scale Barding Armor
50:40 Chain Barding Armor
DrCondors
7:45 Loom
10:06 Feudal Age
13:48 Double-Bit Axe
13:46 Horse Collar
20:17 Castle Age
18:44 Padded Archer Armor
20:44 Crossbowman
24:36 Bow Saw
28:47 Kamandaran
30:48 Husbandry
35:22 Thumb Ring
38:03 Imperial Age
36:24 Stone Mining
36:24 Gold Mining
38:10 Gold Shaft Mining
37:29 Town Watch
38:19 Wheelbarrow
38:10 Thumb Ring
39:59 Ballistics
Connection lost

Rejoining the realm…

Still unreachable

The connection could not be restored.

Session expired

The server has moved on; the page needs a fresh start.